 Dungeon Crawl Stone Soup version 0.27.1-3-gb3d3a73c9e (webtiles) character file.

Game seed: 10192127025649324447

217 Descartes the Digger (level 6, -5/41 HPs)
             Began as a Formicid Earth Elementalist on Oct 6, 2021.
             Killed from afar by Blork the orc (8 damage)
             ... with a puff of frost
             ... on level 4 of the Dungeon.
             The game lasted 00:06:59 (3887 turns).

Descartes the Digger (Formicid Earth Elementalist)  Turns: 3887, Time: 00:07:00

Health: -5/41      AC:  5    Str: 19    XL:     6   Next: 16%
Magic:  12/12      EV: 11    Int: 16    God:
Gold:   165        SH:  5    Dex:  6    Spells: 12/13 levels left

rFire    . . .     SeeInvis +   a - +0 hand axe
rCold    . . .     Faith    .   (no shield)
rNeg     + . .     Spirit   .   x - +1 leather armour of Instinct {Rampage Str+6 Dex-5 Slay+4}
rPois    .         Reflect  +   (helmet unavailable)
rElec    .         Harm     .   (no cloak)
rCorr    .         Rampage  +   (no gloves)
Will     .....                  r - +0 pair of boots
Stlth    +.........             u - amulet of reflection
HPRegen  0.13/turn              t - ring of positive energy
MPRegen  0.13/turn              (no ring)

@: no status effects
A: permanent stasis, dig shafts and tunnels, antennae 3, four strong arms
a: Dig, Shaft Self


You were on level 4 of the Dungeon.
You visited 1 branch of the dungeon, and saw 4 of its levels.

You collected 165 gold pieces.

Inventory:

Hand Weapons
 a - a +0 hand axe (weapon)
Missiles
 b - 2 curare-tipped darts
 c - 173 stones
 j - 12 bolts
 k - 64 arrows
 w - 14 sling bullets
Armour
 r - a +0 pair of boots (worn)
 s - +0 steam dragon scales
 x - the +1 leather armour of Instinct (worn) {Rampage Str+6 Dex-5 Slay+4}
   (You found it on level 4 of the Dungeon)

   Str:       It affects your strength (+6).
   Dex:       It affects your dexterity (-5).
   Slay:      It affects your accuracy & damage with ranged weapons and melee
   (+4).
   Rampage:   It bestows one free step when moving towards enemies.
Jewellery
 t - a ring of positive energy (left hand)
 u - an amulet of reflection (around neck)
Scrolls
 d - 2 scrolls of identify {unknown}
 e - a scroll of noise {unknown}
 f - a scroll of teleportation {unknown}
 g - 2 scrolls of magic mapping {unknown}
 h - a scroll of holy word {unknown}
 i - a scroll of silence {unknown}
 n - a scroll of blinking {unknown}
 p - 2 scrolls of summoning {unknown}
 q - 2 scrolls of amnesia {unknown}
 y - a scroll of immolation {unknown}
Potions
 l - 3 potions of brilliance
 m - a potion of attraction {unknown}
 o - a potion of heal wounds {unknown}
 v - 2 potions of curing {unknown}


   Skills:
 - Level 1.7 Dodging
 - Level 2.4 Stealth
 + Level 4.3 Spellcasting
 - Level 1.1 Transmutations
 + Level 6.2 Earth Magic


You had 12 spell levels left.
You knew the following spells:

 Your Spells              Type           Power      Damage    Failure   Level
a - Sandblast             Erth           46%        2d11      1%          1

Your spell library contained the following spells:

 Spells                   Type           Power      Damage    Failure   Level
 Passwall                 Tmut/Erth      12%        N/A       6%          2
 Beastly Appendage        Tmut           12%        N/A       12%         1
 Stone Arrow              Conj/Erth      26%        3d8       16%         3
 Wereblood                Tmut           6%         N/A       19%         2
 Petrify                  Tmut/Erth      15%        N/A       38%         4
 Spider Form              Tmut/Pois      2%         N/A       43%         3


Dungeon Overview and Level Annotations

Branches:
Dungeon (4/15)
 Temple: D:4-7

Altars:
Xom
Zin

Annotations:
D:4 Blork the orc


Innate Abilities, Weirdness & Mutations

You cannot be hasted, slowed, berserked, paralysed or teleported.
You can dig through walls and to a lower floor.
You have a pair of large antennae on your head. (SInv)
Your four strong arms can wield two-handed weapons with a shield.


Message History

You open the door.
There is an open door here.
Blork the orc comes into view.
He is wielding a +0 dire flail.
Blork the orc shouts!
You rampage towards Blork the orc!
You rampage towards Blork the orc!
Blork the orc misses you.
You barely miss Blork the orc. You block Blork the orc's attack.
You hit Blork the orc.
Blork the orc is lightly wounded.
Blork the orc mumbles some strange words.
Blork the orc seems to speed up.
Blork the orc screams, "I'm going to kill you!"
Blork the orc misses you.
You slash Blork the orc!
Blork the orc is heavily wounded.
Blork the orc points at you and mumbles some strange words.
The magic dart hits you.
Blork the orc points at you and mumbles some strange words.
The magic dart hits you!
You barely miss Blork the orc.
Blork the orc is heavily wounded.
Blork the orc gestures at you while chanting.
The puff of frost hits you! Blork the orc barely misses you.
You barely miss Blork the orc.
Blork the orc is heavily wounded.
Blork the orc hits you with a +0 dire flail!
You block Blork the orc's attack.
You are too injured to fight recklessly!
You are too injured to fight recklessly!
You are too injured to fight recklessly!
You hit Blork the orc but do no damage.
Blork the orc is heavily wounded.
Blork the orc hits you with a +0 dire flail.
* * * LOW HITPOINT WARNING * * *
Blork the orc points at you and mumbles some strange words.
The magic dart hits you.
* * * LOW HITPOINT WARNING * * *
Blork the orc gestures at you while chanting.
The puff of frost hits you!
You die...

+##...............#
#...............#
#...............#
#...............#
#...............#####
#...............#....
######...............'..).
#....................#....
#......o.@...........#....
#....................#...#
#.....########......######
#..... #......# #....
#......# #.... #......#
#... #......# ####
########


You could see Blork the orc (fast).

Vanquished Creatures
  A steam dragon (D:3)
  2 adders
  A worm (D:2)
  3 dart slugs
  An orc (D:3)
  5 ball pythons
  5 bats (D:1)
  3 endoplasms
  2 giant cockroaches
  6 goblins
  6 hobgoblins
  5 kobolds
  3 quokkas
  4 frilled lizards
  4 rats
51 creatures vanquished.

Vanquished Creatures (others)
  3 fungi (D:3)
  4 toadstools (D:3)
7 creatures vanquished.

Grand Total: 58 creatures vanquished

Notes
Turn   | Place    | Note
-------+----------+-------------------------------------------
     0 | D:1      | Descartes the Formicid Earth Elementalist began the quest
                  | for the Orb.
     0 | D:1      | Reached XP level 1. HP: 13/13 MP: 3/3
   114 | D:1      | Reached skill level 4 in Earth Magic
   260 | D:1      | Reached XP level 2. HP: 5/19 MP: 5/5
   635 | D:1      | Reached XP level 3. HP: 10/24 MP: 6/6
   843 | D:1      | Found a faded altar of an unknown god.
  1671 | D:2      | Reached skill level 5 in Earth Magic
  1698 | D:2      | Reached XP level 4. HP: 30/30 MP: 8/8
  2635 | D:3      | Noticed a steam dragon
  2649 | D:3      | Killed a steam dragon
  2650 | D:3      | Reached skill level 6 in Earth Magic
  2650 | D:3      | Reached XP level 5. HP: 11/35 MP: 4/11
  2650 | D:3      | Reached XP level 6. HP: 13/41 MP: 4/12
  2905 | D:3      | Found a glowing silver altar of Zin.
  2907 | D:3      | Noticed an angel
  2911 | D:3      | Found a shimmering altar of Xom.
  3554 | D:4      | Identified the +1 leather armour of Instinct {Rampage Str+6
                  | Dex-5 Slay+4}
  3877 | D:4      | Noticed Blork the orc
  3887 | D:4      | Killed from afar by Blork the orc

Illustrated notes

Levels and vault maps discovered:
D:1:      lightli_arrival_boilingwater, layout_loops_ring,
          ebering_ecumenical_altar_rust
D:2:      layout_basic
D:3:      layout_basic, grunt_temple_overflow_order_and_chaos_1,
          minmay_gold_behind_fungi
D:4:      layout_gridville, uniq_blork_the_orc

Skill      XL: |  1  2  3  4 |
---------------+-------------+-----
Earth Magic    | 4 5 6 |  6.2
Spellcasting   | 4 |  4.3
Dodging        | |  1.7
Stealth        | |  2.4
Transmutations | |  1.1

Action                   |  1- 3 |  4- 6 || total
-------------------------+-------+-------++-------
Melee: Hand axe          |   113 |    75 ||   188
 Cast: Sandblast         |     4 |     5 ||     9
  Use: Potion            |       |     1 ||     1
Armor: Scale mail        |    71 |    18 ||    89
       Leather armour    |       |    10 ||    10
       Steam dragon scal |       |     5 ||     5
Dodge: Dodged            |    85 |    54 ||   139
Block: Other             |       |    12 ||    12
